 Dungeon Sprint DCSS version 0.30.1-4-g462c640d31 (webtiles) character file.

Game seed: 15285025981310262737

23 Heoruswealwe the Magician (level 2, -9/15 HPs)
             Began as a Deep Elf Earth Elementalist on Aug 30, 2023.
             Mangled by an ogre
             ... wielding a +0 giant spiked club
              (16 damage)
             ... in the Dungeon (Sprint I: "Red Sonja").
             The game lasted 00:01:23 (84 turns).

Heoruswealwe the Magician (DEEE)                      Turns: 84, Time: 00:01:23

Health: -9/15      AC:  6    Str:  5    XL:     2   Next: 72%
Magic:  10/10      EV: 19    Int: 19    God:
Gold:   0          SH:  0    Dex: 15    Spells: 11/12 levels left

rFire   + + .        (weapon currently unavailable)
rCold   + + .        (shield currently unavailable)
rNeg    + + +        a - melded +0 robe
rPois   ∞            (helmet currently unavailable)
rElec   +            (cloak currently unavailable)
rCorr   +            (gloves currently unavailable)
SInv    .            (boots currently unavailable)
Will    .....        (amulet currently unavailable)
Stlth   ++           (ring currently unavailable)
HPRegen 0.22/turn    (ring currently unavailable)
MPRegen 0.12/turn

%: no teleportation
@: wisp-form, flying
A: insubstantial, flying, no casting, tiny
a: no special abilities


You were in the Dungeon.
You were an insubstantial wisp.
You visited 1 branch

Inventory:

Hand Weapons
 i - a +0 club
Armour
 a - a +0 robe (melded)
Wands
 h - a wand of polymorph (7)
Scrolls
 g - a scroll of blinking
Potions
 b - 3 potions of magic
 c - a potion of curing
 d - a potion of heal wounds
 e - a potion of haste
 f - a potion of berserk rage


   Skills:
 - Level 2.4 Dodging
 - Level 2.4 Stealth
 + Level 5.9 Spellcasting
 - Level 1.1 Transmutations
 + Level 5.4 Earth Magic


You had 11 spell levels left.
You knew the following spells:

 Your Spells              Type           Power      Damage    Failure   Level
a - Sandblast             Erth           52%        2d12      1%          1

Your spell library contained the following spells:

 Spells                   Type           Power      Damage    Failure   Level
 Passwall                 Tmut/Erth      15%        N/A       4%          2
 Stone Arrow              Conj/Erth      30%        3d8       11%         3
 Petrify                  Tmut/Erth      18%        N/A       28%         4


Dungeon Overview and Level Annotations

Branches:
Dungeon (1/1)

Altars:


Message History

Aiming: Polymorph
Press: ? - help, Shift-Dir - straight line, f - you That beam is likely to hit you.
Continue anyway?
You turn into a filthy swine.
Your +0 robe melds into your body.
You start waiting.
Your transformation is almost over.
You feel less porcine.
Your +0 robe unmelds from your body.
Aiming: Polymorph
Press: ? - help, Shift-Dir - straight line, f - you That beam is likely to hit you.
Continue anyway?
You turn into an insubstantial wisp.
Your +0 robe melds into your body.
You reach down and open the door.
The ogre shouts!
There is an open door here.
You touch the ogre.
The ogre is lightly wounded.
The ogre misses you.
You touch the ogre.
The ogre is moderately wounded.
The ogre closely misses you.
You touch the ogre.
The ogre is moderately wounded.
You barely miss the ogre.
The ogre is moderately wounded.
The ogre closely misses you.
You touch the ogre but do no damage.
The ogre is moderately wounded.
The ogre hits you with a +0 giant spiked club!
Ouch! That really hurt!
You touch the ogre.
The ogre is moderately wounded.
You touch the ogre.
The ogre is heavily wounded.
The ogre closely misses you.
You touch the ogre.
The ogre is heavily wounded.
The ogre hits you with a +0 giant spiked club!
Ouch! That really hurt!
You die...

##########
#<.#[.vO.#
#..'..#..+
#..#####+#
#..# #..#
#..# #⌠⌠#
####


You could see an ogre.

Vanquished Creatures
  Ijyb (D)
1 creature vanquished.

Notes
Turn   | Place    | Note
-------+----------+-------------------------------------------
     0 | D        | Heoruswealwe the Deep Elf Earth Elementalist began the
                  | quest for the Orb.
     0 | D        | Reached XP level 1. HP: 10/10 MP: 6/6
     1 | D        | Noticed Ijyb
    15 | D        | Killed Ijyb
    16 | D        | Reached skill level 5 in Spellcasting
    16 | D        | Reached skill level 5 in Earth Magic
    16 | D        | Reached XP level 2. HP: 11/15 MP: 6/10
    20 | D        | Noticed an ogre
    84 | D        | Mangled by an ogre

Illustrated notes

Levels and vault maps discovered:
D:        dungeon_sprint_1 [red_sonja_temple_1, red_sonja_temple_small_1]

Skill      XL: |  1 |
---------------+----+-----
Spellcasting   | 5 |  5.9
Earth Magic    | 5 |  5.4
Dodging        | |  2.4
Stealth        | |  2.4
Transmutations | |  1.1

Action                     || total
---------------------------++-------
  Melee: Unarmed           ||    17
  Evoke: Wand              ||     2
   Stab: Confused          ||     1
 Armour: Skin              ||     2
  Dodge: Dodged            ||     9
